 Dungeon Crawl Stone Soup version 0.21-a0-352-g5b8f553 (webtiles) character file.

742 tidbits the Skirmisher (level 7, 60/60 HPs)
             Began as a Gnoll Wanderer on Oct 10, 2017.
             Quit the game on level 4 of the Dungeon.
             The game lasted 00:09:38 (1183 turns).

tidbits the Skirmisher (Gnoll Wanderer)             Turns: 1183, Time: 00:09:39

Health: 60/60      AC:  8    Str: 10 (13) XL:     7   Next: 76%
Magic:  10/10      EV: 11    Int: 15 (17) God:
Gold:   171        SH:  0    Dex: 13 (15) Spells: 11/11 levels left

rFire    . . .     SeeInvis .   a - +2 shortbow
rCold    . . .     Gourm    .   (shield currently unavailable)
rNeg     . . .     Faith    .   B - +0 ring mail
rPois    +         Spirit   .   E - +0 helmet
rElec    .         Reflect  .   (no cloak)
rCorr    .         Harm     .   (no gloves)
MR       .....                  F - +0 pair of boots
Stlth    ++........             R - amulet of regeneration
HPRegen  0.60/turn              o - ring of poison resistance
MPRegen  0.12/turn              (no ring)

@: no status effects
A: distributed training, fangs 1, strong nose
a: no special abilities


You were on level 4 of the Dungeon.
You were not hungry.

You visited 1 branch of the dungeon, and saw 5 of its levels.

You collected 171 gold pieces.

Inventory:

Hand Weapons
 a - a +2 shortbow (weapon)
 c - a +0 hand crossbow
 e - a +0 trident
 g - a -2 dagger
 m - a +0 flail
 p - a +0 quarterstaff
 r - a +0 morningstar
 v - a +1 whip of flaming
   (You took it off Pikel on level 4 of the Dungeon)
Missiles
 d - 29 bolts
 w - 16 arrows (quivered)
Armour
 n - a cursed +0 scale mail
 x - a +0 helmet
 B - a +0 ring mail (worn)
 E - a +0 helmet (worn)
 F - a +0 pair of boots (worn)
Jewellery
 b - an uncursed ring of positive energy {unknown}
   (You found it on level 4 of the Dungeon)
 o - a ring of poison resistance (left hand)
   (You found it on level 3 of the Dungeon)
 R - an amulet of regeneration (around neck)
   (You found it on level 3 of the Dungeon)
Scrolls
 i - 2 scrolls of magic mapping {unknown}
 l - 5 scrolls of remove curse
 q - a scroll of identify {unknown}
 t - a scroll of blinking {unknown}
 u - a scroll of enchant weapon {unknown}
Potions
 j - 4 potions of curing
 s - a potion of magic {unknown}
Comestibles
 f - 3 bread rations
 h - a meat ration
 k - 7 fruits
 z - 3 chunks of flesh


   Skills:
 + Level 7.1 Fighting
 + Level 2.6 Short Blades
 + Level 2.6 Long Blades
 + Level 2.6 Axes
 + Level 2.6 Maces & Flails
 + Level 2.6 Polearms
 + Level 2.6 Staves
 + Level 2.6 Slings
 + Level 7.1 Bows
 + Level 2.6 Crossbows
 + Level 2.6 Throwing
 + Level 5.3 Armour
 + Level 2.6 Dodging
 + Level 3.6 Stealth
 + Level 2.6 Shields
 + Level 2.6 Unarmed Combat
 + Level 2.6 Spellcasting
 + Level 2.6 Conjurations
 + Level 2.6 Hexes
 + Level 2.6 Charms
 + Level 2.6 Summonings
 + Level 2.6 Necromancy
 + Level 2.6 Translocations
 + Level 2.6 Transmutations
 + Level 2.6 Fire Magic
 + Level 2.6 Ice Magic
 + Level 2.6 Air Magic
 + Level 2.6 Earth Magic
 + Level 2.6 Poison Magic
 + Level 2.6 Invocations
 + Level 3.7 Evocations


You had 11 spell levels left.
You didn't know any spells.

Dungeon Overview and Level Annotations

Branches:
Dungeon (5/15)
 Temple: D:4-7

Altars:
Kikubaaqudgha
Trog
Wu Jian
Yredelemnul


Innate Abilities, Weirdness & Mutations

Your experience applies equally to all skills.
You have very sharp teeth.
Your uncanny sense of smell can sniff out nearby items.


Message History

Aim: a goblin, wielding a dagger You shoot an arrow.
The arrow hits the goblin.
The goblin is moderately wounded.
Firing (i - inventory):
w - 6 arrows (quivered)
Press: ? - help, Shift-Dir - straight line, f/p - goblin
Aim: a goblin, wielding a dagger (moderately wounded)
You shoot an arrow. The arrow hits the goblin!
You kill the goblin!
w - 6 arrows (gained 1)
Things that are here:
a dagger x2
w - 7 arrows (gained 1)
w - 9 arrows (gained 2)
Things that are here:
a club; a goblin corpse
w - 11 arrows (gained 2)
w - 14 arrows (gained 3)
Things that are here:
a hunting sling; 18 stones You see here a jackal corpse.
Firing (i - inventory):
w - 14 arrows (quivered)
Press: ? - help, Shift-Dir - straight line, f - goblin
Aim: a goblin, wielding a club (hasn't noticed you)
You shoot an arrow. The arrow barely misses the goblin.
The goblin shouts!
Robin of the Strong Arm comes into view.
She is wielding a club.
Things that are here:
a hunting sling; 18 stones
Things that are here:
a club; a goblin corpse
Things that are here:
a dagger x2
Firing (i - inventory):
w - 13 arrows (quivered)
Press: ? - help, Shift-Dir - straight line, f - Robin, p - goblin
Aim: Robin, wielding a club, wearing an animal skin and wearing a helmet You shoot an arrow.
The arrow barely misses the goblin.
The arrow hits Robin!
Robin is heavily wounded.
Firing (i - inventory):
w - 12 arrows (quivered)
Press: ? - help, Shift-Dir - straight line, f/p - Robin
Aim: Robin, wielding a club, wearing an animal skin and wearing a helmet (heavily wounded)
You shoot an arrow. The arrow barely misses the goblin.
The arrow closely misses Robin.
Robin roars a battlecry!
The goblins go into a battle-frenzy!
The goblin hits you with a club.
Firing (i - inventory):
w - 11 arrows (quivered)
Press: ? - help, Shift-Dir - straight line, f/p - Robin
Aim: Robin, wielding a club, wearing an animal skin and wearing a helmet (heavily wounded)
You shoot an arrow. The arrow hits the goblin!
You kill the goblin!
Firing (i - inventory):
w - 10 arrows (quivered)
Press: ? - help, Shift-Dir - straight line, f - hobgoblin, p - Robin
Aim: a hobgoblin, wielding a club (unusually strong)
You shoot an arrow. The arrow hits Robin.
Robin is severely wounded.
Firing (i - inventory):
w - 9 arrows (quivered)
Press: ? - help, Shift-Dir - straight line, f/p - hobgoblin
Aim: a hobgoblin, wielding a club (unusually strong)
You shoot an arrow. The arrow hits Robin.
You kill Robin!
Firing (i - inventory):
w - 8 arrows (quivered)
Press: ? - help, Shift-Dir - straight line, f/p - hobgoblin
Aim: a hobgoblin, wielding a club (unusually strong)
You shoot an arrow. The arrow hits the hobgoblin.
The hobgoblin is almost dead.
Firing (i - inventory):
w - 7 arrows (quivered)
Press: ? - help, Shift-Dir - straight line, f/p - hobgoblin
Aim: a hobgoblin, wielding a club (almost dead, unusually strong)
You shoot an arrow. The arrow hits the hobgoblin.
You kill the hobgoblin!
s - a murky sapphire potion;
w - 9 arrows (gained 3)
Items here: ))) [[ a club x2; an animal skin; a helmet; a club
x - a helmet Wear which item? (? for menu, Esc to quit)
Okay, then.
w - 11 arrows (gained 2)
Things that are here:
a club; a goblin corpse
w - 12 arrows (gained 1)
w - 13 arrows (gained 1)
Things that are here:
a hunting sling; 18 stones You see here a hobgoblin corpse.
You butcher the hobgoblin corpse.
z - 4 chunks of flesh You see here a hobgoblin skeleton.
Eat one of 4 chunks of flesh? (ye/n/q)
You eat one of the 4 chunks of flesh.
This raw flesh tastes terrible.
You see here a jackal corpse.
Found a fruit.
w - 14 arrows (gained 1)
w - 15 arrows (gained 1)
You now have 171 gold pieces (gained 9).
You see here a club.
w - 16 arrows (gained 1)
You see here a dagger.
k - 7 fruits (gained 1)
There is an open door here.
Are you sure you want to abandon this character and quit the game? (Confirm with "yes".)

#.........##.#
#.........##.#
#.........##.#
###########.##....)..#
#...# #.##########
#...# #.#
#...#######.#
#...'.....#.#
#...#####@#.# #.))#
#.# #..)# #.# #.#
###.#####.#.# #.#
#.......#.# ###.#
#..######.# ....# #..#
.# ....# #..##### .#
....# #..†.÷.##.#


There were no monsters in sight!

Vanquished Creatures
  Pikel (D:4)
  The ghost of tidbits the Charmwright, an amateur GnSk of Cheibriados (D:4)
  A bullfrog (D:4)
  2 worker ants (D:4)
  A hound zombie (D:5)
  A hound skeleton (D:5)
  Robin (D:4)
  An adder (D:3)
  A worm (D:2)
  A dart slug (D:1)
  2 leopard geckos
  8 orcs
  A ball python (D:3)
  5 bats (D:3)
  2 giant cockroaches
  12 goblins
  4 hobgoblins
  6 jackals (D:4)
  3 quokkas
  4 frilled lizards
  4 kobolds
  4 rats
66 creatures vanquished.

Vanquished Creatures (others)
  A jackal (D:4)
  A quokka skeleton (D:4)
2 creatures vanquished.

Grand Total: 68 creatures vanquished

Notes
Turn   | Place    | Note
-------+----------+-------------------------------------------
     0 | D:1      | tidbits the Gnoll Wanderer began the quest for the Orb.
     0 | D:1      | tidbits set off with: a +2 shortbow, 27 arrows, a +0 hand crossbow, 29 bolts, a +0 ring mail, a bread ration
     0 | D:1      | Reached XP level 1. HP: 23/23 MP: 2/2
    71 | D:2      | Reached XP level 2. HP: 29/29 MP: 3/3
   229 | D:4      | Reached XP level 3. HP: 34/35 MP: 4/4
   241 | D:4      | Reached skill level 1 in Short Blades
   241 | D:4      | Reached skill level 1 in Long Blades
   241 | D:4      | Reached skill level 1 in Axes
   241 | D:4      | Reached skill level 1 in Maces & Flails
   241 | D:4      | Reached skill level 1 in Polearms
   241 | D:4      | Reached skill level 1 in Staves
   241 | D:4      | Reached skill level 1 in Slings
   241 | D:4      | Reached skill level 1 in Crossbows
   241 | D:4      | Reached skill level 1 in Throwing
   241 | D:4      | Reached skill level 1 in Dodging
   241 | D:4      | Reached skill level 1 in Shields
   241 | D:4      | Reached skill level 1 in Unarmed Combat
   241 | D:4      | Reached skill level 1 in Spellcasting
   241 | D:4      | Reached skill level 1 in Conjurations
   241 | D:4      | Reached skill level 1 in Hexes
   241 | D:4      | Reached skill level 1 in Charms
   241 | D:4      | Reached skill level 1 in Summonings
   241 | D:4      | Reached skill level 1 in Necromancy
   241 | D:4      | Reached skill level 1 in Translocations
   241 | D:4      | Reached skill level 1 in Transmutations
   241 | D:4      | Reached skill level 1 in Fire Magic
   241 | D:4      | Reached skill level 1 in Ice Magic
   241 | D:4      | Reached skill level 1 in Air Magic
   241 | D:4      | Reached skill level 1 in Earth Magic
   241 | D:4      | Reached skill level 1 in Poison Magic
   241 | D:4      | Reached skill level 1 in Invocations
   241 | D:4      | Reached XP level 4. HP: 32/41 MP: 4/6
   311 | D:4      | Noticed a slave
   311 | D:4      | Noticed tidbits's ghost (amateur GnSk)
   681 | D:4      | Noticed a bullfrog
   702 | D:4      | Noticed a bullfrog
   720 | D:4      | Killed a bullfrog
   720 | D:4      | Reached skill level 3 in Evocations
   720 | D:4      | Reached XP level 5. HP: 22/47 MP: 7/7
   794 | D:5      | Entered Level 5 of the Dungeon
   867 | D:4      | Found a bloodstained altar of Trog.
   867 | D:4      | Noticed a slave
   868 | D:4      | Noticed Pikel
   870 | D:4      | Noticed a slave
   871 | D:4      | Found an ornate altar of the Wu Jian Council.
   902 | D:4      | Noticed a slave
   909 | D:4      | Killed Pikel
   909 | D:4      | Reached skill level 7 in Fighting
   909 | D:4      | Reached skill level 2 in Short Blades
   909 | D:4      | Reached skill level 2 in Long Blades
   909 | D:4      | Reached skill level 2 in Axes
   909 | D:4      | Reached skill level 2 in Maces & Flails
   909 | D:4      | Reached skill level 2 in Polearms
   909 | D:4      | Reached skill level 2 in Staves
   909 | D:4      | Reached skill level 2 in Slings
   909 | D:4      | Reached skill level 7 in Bows
   909 | D:4      | Reached skill level 2 in Crossbows
   909 | D:4      | Reached skill level 2 in Throwing
   909 | D:4      | Reached skill level 5 in Armour
   909 | D:4      | Reached skill level 2 in Dodging
   909 | D:4      | Reached skill level 3 in Stealth
   909 | D:4      | Reached skill level 2 in Shields
   909 | D:4      | Reached skill level 2 in Unarmed Combat
   909 | D:4      | Reached skill level 2 in Spellcasting
   909 | D:4      | Reached skill level 2 in Conjurations
   909 | D:4      | Reached skill level 2 in Hexes
   909 | D:4      | Reached skill level 2 in Charms
   909 | D:4      | Reached skill level 2 in Summonings
   909 | D:4      | Reached skill level 2 in Necromancy
   909 | D:4      | Reached skill level 2 in Translocations
   909 | D:4      | Reached skill level 2 in Transmutations
   909 | D:4      | Reached skill level 2 in Fire Magic
   909 | D:4      | Reached skill level 2 in Ice Magic
   909 | D:4      | Reached skill level 2 in Air Magic
   909 | D:4      | Reached skill level 2 in Earth Magic
   909 | D:4      | Reached skill level 2 in Poison Magic
   909 | D:4      | Reached skill level 2 in Invocations
   909 | D:4      | Reached XP level 6. HP: 33/55 MP: 7/9
   909 | D:4      | Reached XP level 7. HP: 36/60 MP: 7/10
   923 | D:4      | Found a basalt altar of Yredelemnul.
   923 | D:4      | Found an ancient bone altar of Kikubaaqudgha.
   941 | D:4      | Killed tidbits's ghost
  1133 | D:4      | Noticed Robin
  1143 | D:4      | Killed Robin
  1183 | D:4      | Quit the game

Vault maps used:
D:1:      dpeg_arrival_radiant
D:2:      chequers_ecumenical_altar_lobes, xom_teletrap_fun
D:4:      minitemple, first_bread, trog_three_pillars_becter, uniq_robin,
          uniq_pikel
D:5:      temple_fountains, serial_shops, nicolae_shop_stone,
          kennysheep_mini_moat, shop, shop, shop

Skill      XL: |  1  2  3  4  5 |
---------------+----------------+-----
Short Blades   | 1 2 |  2.6
Long Blades    | 1 2 |  2.6
Axes           | 1 2 |  2.6
Maces & Flails | 1 2 |  2.6
Polearms       | 1 2 |  2.6
Staves         | 1 2 |  2.6
Slings         | 1 2 |  2.6
Crossbows      | 1 2 |  2.6
Throwing       | 1 2 |  2.6
Dodging        | 1 2 |  2.6
Shields        | 1 2 |  2.6
Unarmed Combat | 1 2 |  2.6
Spellcasting   | 1 2 |  2.6
Conjurations   | 1 2 |  2.6
Hexes          | 1 2 |  2.6
Charms         | 1 2 |  2.6
Summonings     | 1 2 |  2.6
Necromancy     | 1 2 |  2.6
Translocations | 1 2 |  2.6
Transmutations | 1 2 |  2.6
Fire Magic     | 1 2 |  2.6
Ice Magic      | 1 2 |  2.6
Air Magic      | 1 2 |  2.6
Earth Magic    | 1 2 |  2.6
Poison Magic   | 1 2 |  2.6
Invocations    | 1 2 |  2.6
Evocations     | 3 |  3.7
Fighting       | 7 |  7.1
Bows           | 7 |  7.1
Armour         | 5 |  5.3
Stealth        | 3 |  3.6

Action                   |  1- 3 |  4- 6 |  7- 9 || total
-------------------------+-------+-------+-------++-------
Melee: Trident           |       |    18 |       ||    18
       Bite              |       |     4 |     4 ||     8
       Morningstar       |       |    28 |    15 ||    43
 Fire: Shortbow          |    40 |    72 |    44 ||   156
  Use: Scroll            |       |     1 |       ||     1
       Potion            |       |     1 |     2 ||     3
  Eat: Chunk             |       |       |     1 ||     1
Armor: Ring mail         |     6 |    47 |    13 ||    66
Dodge: Dodged            |    12 |    62 |    24 ||    98

Table legend:
 A = Spawn XP
 B = Non-spawn XP
 C = Spawn XP percentage of total XP
 D = Spawn monster count
 E = Non-spawn monster count
 F = Spawn count percentage of total count
 G = Total turns spent on level
                    A         B        C        D         E        F      G
               +---------+---------+-------+---------+---------+-------+---------
         Total |       0 |    1061 |   0.0 |       0 |      66 |   0.0 |  1183
               +---------+---------+-------+---------+---------+-------+---------
           D:1 |       0 |       9 |   0.0 |       0 |       5 |   0.0 |   100
           D:2 |       0 |      20 |   0.0 |       0 |       9 |   0.0 |    99
           D:3 |       0 |      41 |   0.0 |       0 |      17 |   0.0 |   364
           D:4 |       0 |     948 |   0.0 |       0 |      32 |   0.0 |   540
           D:5 |       0 |      43 |   0.0 |       0 |       3 |   0.0 |    80
               +---------+---------+-------+---------+---------+-------+---------

Table legend:
 A = Turns spent in this place as a percentage of turns spent in the entire game.
 B = Non-inter-level travel turns spent in this place as a percentage of non-inter-level travel turns spent in the entire game.
 C = Inter-level travel turns spent in this place as a percentage of turns spent in this place.
 D = Turns resting spent in this place as a percentage of non-inter-level travel turns spent in this place.
 E = Turns spent auto-exploring this place as a percentage of non-inter-level travel turns spent in this place.
 F = Non-inter-level travel turns spent in this place divided by the number of levels of this place that you've seen.
                   A       B       C       D       E      F
               +-------+-------+-------+-------+-------+----------------------
         Total | 100.0 | 100.0 |   0.7 |   0.0 |   0.0 | 235.0
       Dungeon | 100.0 | 100.0 |   0.7 |   0.0 |   0.0 | 235.0
               +-------+-------+-------+-------+-------+----------------------

Table legend:
 A = Kills in this place as a percentage of kills in entire the game.
 B = Kills by you in this place as a percentage of kills by you in the entire game.
 C = Kills by friends in this place as a percentage of kills by friends in the entire game.
 D = Other kills in this place as a percentage of other kills in the entire game.
 E = Experience gained in this place as a percentage of experience gained in the entire game.
 F = Experience gained in this place divided by the number of levels of this place that you have seen.
                   A       B       C       D       E      F
               +-------+-------+-------+-------+-------+----------------------
         Total | 100.0 | 100.0 |   N/A |   N/A | 100.0 | 212.2
       Dungeon | 100.0 | 100.0 |   N/A |   N/A | 100.0 | 212.2
               +-------+-------+-------+-------+-------+----------------------

Vault maps used:
D:1:      dpeg_arrival_radiant
D:2:      chequers_ecumenical_altar_lobes, xom_teletrap_fun
D:4:      minitemple, first_bread, trog_three_pillars_becter, uniq_robin,
          uniq_pikel
D:5:      temple_fountains, serial_shops, nicolae_shop_stone,
          kennysheep_mini_moat, shop, shop, shop
